 Dungeon Crawl Stone Soup version 0.29-a0-284-gf9362112df (webtiles) character file.

Game seed: 10884906727606707492

241 avis the Skirmisher (level 6, -7/57 HPs)
             Began as a Hill Orc Monk on Mar 20, 2022.
             Killed by nerve-wracking pain
             ... invoked by a shadow imp
              (12 damage)
             ... in a sewer.
             The game lasted 00:11:40 (2854 turns).

avis the Skirmisher (Hill Orc Monk)                 Turns: 2854, Time: 00:11:40

Health: -7/57      AC:  3    Str: 16    XL:     6   Next: 8%
Magic:  6/6        EV: 12    Int: 10    God:
Gold:   224        SH:  0    Dex: 13    Spells: 5/5 levels left

rFire   . . .      SeeInvis .     - Unarmed
rCold   . . .      Faith    .   (no shield)
rNeg    . . .      Spirit   .   c - +0 leather armour
rPois   .          Reflect  .   (no helmet)
rElec   .          Harm     .   (no cloak)
rCorr   .          Rampage  .   (no gloves)
Will    .....                   (no boots)
Stlth   ++........              g - amulet of magic regeneration
HPRegen 0.19/turn               (no ring)
MPRegen 0.50/turn               (no ring)

@: no status effects
A: no striking features
a: no special abilities


You were in a sewer.
You visited 1 branch of the dungeon, and saw 3 of its levels.
You also visited: Sewer.

You collected 224 gold pieces.

Inventory:

Hand Weapons
 v - a +1 dagger of electrocution
 w - a +2 short sword of protection
Missiles
 k - 57 stones
 p - 25 poisoned darts (quivered)
Armour
 a - a +0 robe
 c - a +0 leather armour (worn)
 j - an orb of energy
 u - a +0 plate armour
Magical Staves
 i - a staff of cold
Jewellery
 g - an amulet of magic regeneration (around neck)
Scrolls
 f - 2 scrolls of fear {unknown}
 h - a scroll of magic mapping {unknown}
 l - a scroll of vulnerability {unknown}
 o - a scroll of fog {unknown}
 r - 4 scrolls of teleportation {unknown}
 s - a scroll of amnesia {unknown}
 t - 2 scrolls of identify {unknown}
Potions
 d - 2 potions of flight {unknown}
 e - a potion of mutation {unknown}
 m - a potion of might {unknown}
 n - a potion of brilliance {unknown}
 q - a potion of berserk rage {unknown}


   Skills:
 - Level 6.0 Fighting
 - Level 2.4 Dodging
 - Level 1.5 Stealth
 * Level 5.8 Unarmed Combat


You had 5 spell levels left.
You didn't know any spells.
Your spell library contained the following spells:

 Spells                   Type           Power      Damage    Failure   Level
 Confusing Touch          Hex            0%         N/A       80%         3
 Summon Guardian Golem    Hex/Summ       0%         N/A       80%         3
 Summon Forest            Summ/Tloc      0%         N/A       100%        5
 Summon Mana Viper        Hex/Summ       0%         N/A       100%        5
 Yara's Violent Unravell  Hex/Tmut       0%         3d3       100%        5
 Summon Cactus Giant      Summ           0%         N/A       100%        6
 Enfeeble                 Hex            0%         N/A       100%        7
 Orb of Destruction       Conj           0%         9d5       100%        7
 Spellforged Servitor     Conj/Summ      0%         N/A       100%        7


Dungeon Overview and Level Annotations

Branches:
Dungeon (3/15)              Sewer (1/1)

Altars:


Message History

You punch the kobold brigand!
You kill the kobold brigand!
You feel your dexterity returning.
You have reached level 6!
You aren't carrying any items that you can evoke.
Throw: 20 darts (poison)
Press: ? - help, Q - select action, (/) - cycle Shift-Dir - straight line, f - ball python
Aim: a ball python (57% to hit)
You throw a poisoned dart.
The poisoned dart closely misses the ball python.
You closely miss the ball python.
The ball python bites you but does no damage.
The ball python grabs you. The ball python constricts you.
You hit the ball python.
The ball python is heavily wounded.
The ball python bites you but does no damage.
The ball python constricts you.
* * * LOW HITPOINT WARNING * * *
You punch the ball python!
You kill the ball python!
p - 24 poisoned darts (gained 5)
There is an open door, spattered with blood here.
Things that are here:
a +0 short sword; a kobold corpse You close the door, pushing everything out of the way.
An ufetubus comes into view.
You open the door.
A shadow imp comes into view.
The shadow imp shouts, "Out, out, thou fobbing earth-vexing tiler!"
There is an open door, spattered with blood here.
You see here a ball python corpse.
You close the door.
Something unseen opens the door.
You see here a poisoned dart.
p - 25 poisoned darts (gained 1)
The shadow imp lashes its tail.
A bat comes into view.
The shadow imp gestures at you. Pain shoots through your body!
You die...

####' ############
≈#...#≈≈≈≈≈≈#≈≈≈#
.....5≈≈≈.≈.≈≈≈#
...#5...).# ####
##b#######'#
......#≈≈≈#..5.††#
≈≈≈≈..#≈≈≈#..≈.≈.#
≈≈≈≈≈...≈...≈≈≈≈≈#
≈≈≈≈≈.#..@#≈≈≈≈≈≈#
≈≈≈≈≈≈#...≈≈≈≈≈≈≈#
≈≈≈≈≈≈#...#≈≈≈≈≈≈#
≈≈≈≈≈≈≈)).#≈≈≈≈≈≈#
≈≈≈≈≈≈#...#≈≈≈≈≈≈#≈≈≈#
≈≈≈≈≈≈#...≈≈≈≈≈≈≈#≈≈≈#
≈≈≈≈≈≈≈...≈≈≈≈≈≈≈#≈≈≈#
≈≈≈≈≈≈#...#≈≈≈≈≈≈#≈≈≈#
≈≈≈≈≈≈#...≈≈≈≈≈≈ #≈≈≈#


You could see a shadow imp and a bat.

Vanquished Creatures
  A kobold brigand (Sewer)
  A quasit (Sewer)
  A hound (D:2)
  4 adders (D:2)
  A shadow imp (Sewer)
  2 ufetubi (Sewer)
  2 worms
  A dart slug (D:1)
  5 endoplasms
  6 giant cockroaches
  4 goblins
  4 hobgoblins
  A quokka (D:2)
  9 ball pythons
  2 bats
  3 frilled lizards
  7 kobolds (Sewer)
  A kobold zombie (Sewer)
  A rat (D:1)
  A spectral hobgoblin (D:1)
57 creatures vanquished.

Vanquished Creatures (others)
  An adder zombie (Sewer)
  A bat zombie (Sewer)
  An endoplasm (Sewer)
  A giant cockroach zombie (Sewer)
4 creatures vanquished.

Grand Total: 61 creatures vanquished

Notes
Turn   | Place    | Note
-------+----------+-------------------------------------------
     0 | D:1      | avis the Hill Orc Monk began the quest for the Orb.
     0 | D:1      | Reached XP level 1. HP: 19/19 MP: 1/1
   197 | D:1      | Found a faded altar of an unknown god.
   568 | D:1      | Reached XP level 2. HP: 23/26 MP: 2/2
  1223 | D:2      | Reached XP level 3. HP: 27/31 MP: 3/3
  1405 | D:2      | HP: 1/31 [hound (5)]
  1407 | D:2      | Reached skill level 5 in Unarmed Combat
  1407 | D:2      | Reached skill level 4 in Fighting
  1407 | D:2      | Reached XP level 4. HP: 1/40 MP: 4/4
  2031 | D:2      | Reached skill level 5 in Fighting
  2476 | D:3      | Found a glowing drain.
  2502 | Sewer    | Entered a sewer
  2617 | Sewer    | Reached XP level 5. HP: 48/48 MP: 5/5
  2793 | Sewer    | Noticed a kobold brigand
  2804 | Sewer    | Reached skill level 6 in Fighting
  2833 | Sewer    | HP: 2/50 [kobold brigand/+0 short sword (2)]
  2834 | Sewer    | Killed a kobold brigand
  2835 | Sewer    | Reached XP level 6. HP: 2/57 MP: 6/6
  2854 | Sewer    | Killed from afar by a shadow imp

Illustrated notes

Levels and vault maps discovered:
D:1:      wander_arrival_estate, layout_loops_ring,
          dreamdust_ecumenical_altar_drowned_temple
D:2:      layout_rooms, serial_curves, eino_curves_01, eino_curves_03,
          minmay_cupped
D:3:      layout_rooms, cheibrodos_sewer_entry_drain, st_stairs_3,
          nicolae_elevator_lobby_asterisk
Sewer:    kennysheep_sewer_church

Skill      XL: |  1  2  3  4  5 |
---------------+----------------+-----
Unarmed Combat | 4 5 |  5.8
Fighting       | 4 5 6 |  6.0
Dodging        | |  2.4
Stealth        | |  1.5

Action                   |  1- 3 |  4- 6 || total
-------------------------+-------+-------++-------
Melee: Unarmed           |    93 |   142 ||   235
       Punch             |     2 |     3 ||     5
Throw: Dart              |       |     1 ||     1
  Use: Potion            |       |     1 ||     1
 Stab: Sleeping          |     2 |     2 ||     4
Armor: Leather armour    |    16 |    40 ||    56
       Robe              |     1 |       ||     1
Dodge: Dodged            |    43 |    84 ||   127

Table legend: (Time is in decaauts)
 A = Elapsed time spent in this place.
 B = Non-inter-level travel time spent in this place.
 C = Inter-level travel time spent in this place.
 D = Time resting spent in this place.
 E = Time spent auto-exploring this place.
 F = Levels seen in this place.
 G = Mean time per level.
                   A        B        C        D        E       F      G
               +--------+--------+--------+--------+--------+-----+--------+
         Total |   2844 |   2729 |    115 |   1263 |    769 |   4 |  711.0 |
       Dungeon |   2497 |   2382 |    115 |   1103 |    769 |   3 |  832.3 |
         Sewer |    346 |    346 |      0 |    160 |      0 |   1 |  346.0 |
               +--------+--------+--------+--------+--------+-----+--------+

Top non-repeatable levels by time:
     D:2: 1262 daAuts
     D:1: 1162 daAuts
   Sewer: 346 daAuts
     D:3: 72 daAuts
